 Dungeon Crawl Stone Soup version 0.32-a0-361-g289a535e89 (webtiles) character file.

Game seed: 16677513582538937442

66 timneilson the Ruffian (level 4, -1/29 HPs)
             Began as an Octopode Shapeshifter on Feb 18, 2024.
             Slain by a goblin
             ... wielding a +0 dagger
             ... led by Robin
              (4 damage)
             ... on level 1 of the Dungeon.
             The game lasted 00:01:46 (916 turns).

timneilson the Ruffian (Octopode Shapeshifter)       Turns: 916, Time: 00:01:47

Health: -1/29      AC:  1    Str: 15    XL:     4   Next: 15%
Magic:  4/4        EV: 13    Int: 12    God:
Gold:   18         SH:  0    Dex: 11    Spells: 3/3 levels left

rFire   . .          .
                       - Unarmed
rCold   . . .        (no shield)
rNeg    . . .        (helmet currently unavailable)
rPois   .            (no amulet)
rElec   .            (no ring)
rCorr   .            (no ring)
SInv    .            (no ring)
Will    .....        (no ring)
Stlth   +++          (no ring)
HPRegen 0.24/turn    (no ring)
MPRegen 0.09/turn    (no ring)
                     (no ring)

%: no passive effects
@: beast-form
A: beast (slay +1), almost no armour, amphibious, 8 rings, camouflage 1,
gelatinous body 1, (nimble swimmer 1), tentacles
a: Begin Untransformation


You were on level 1 of the Dungeon.
You were a hulking beast.
You visited 1 branch of the dungeon, and saw 2 of its levels.

You collected 18 gold pieces.

Inventory:

Missiles
 e - 2 curare-tipped darts (quivered)
Talismans
 b - a beast talisman (active)
 c - a flux talisman
Potions
 a - a potion of lignification
 d - a potion of magic {unknown}
 f - 2 potions of curing {unknown}


   Skills:
 * Level 1.8 Fighting
 * Level 2.6 Dodging
 + Level 1.6 Stealth
 * Level 3.5 Unarmed Combat
 * Level 3.3 Shapeshifting


You had 3 spell levels left.
You didn't know any spells.
Your spell library was empty.

Dungeon Overview and Level Annotations

Branches:
Dungeon (2/15)

Altars:

Annotations:
D:1 Robin


Innate Abilities, Weirdness & Mutations

You are a hulking beast.
Your limbs bulge with bestial killing power. (Slay +1)
You cannot wear most types of armour.
You are amphibious.
You can wear up to eight rings at the same time.
Your skin changes colour to match your surroundings (Stealth+).
Your rubbery body absorbs attacks. (AC +1, EV +1)
((You are camouflaged when in or above water. (Stealth+)))
You have tentacles for arms and can constrict up to eight enemies at once.


Message History

Robin hits you from afar with a +0 trident.
There is a stone staircase leading up, spattered with blood here.
Robin barely misses you. The hobgoblin hits you. Robin closely misses you.
You climb upwards.
There is a stone staircase leading down here.
You bludgeon the hobgoblin!
You kill the hobgoblin!
You see here a hobgoblin corpse.
You start resting.
HP restored.
There is a stone staircase leading down here.
You climb downwards.
Level annotation: Robin The goblin barely misses you.
The goblin hits you with a +0 dagger.
Robin roars a battlecry!
The goblins go into a battle-frenzy!
The hobgoblin closely misses you.
There is a stone staircase leading up, spattered with blood here.
The goblin closely misses you.
Robin says, "Feeling lonely?"
Robin throws the goblin at you! The goblin hits you with a +0 dagger.
The hobgoblin hits you.
You climb upwards.
There is a stone staircase leading down here.
You tentacle-slap Robin. Your grab misses Robin. Your squeeze misses Robin.
Robin is lightly wounded.
The goblin hits you with a +0 club. Robin hits you with a +0 trident.
The goblin hits you with a +0 dagger. The hobgoblin hits you.
You closely miss Robin. You grab Robin. You squeeze Robin.
Robin is moderately wounded.
You constrict Robin, but do no damage. The goblin misses you.
Robin throws the goblin at you! The goblin closely misses you.
The hobgoblin barely misses you.
You tentacle-slap Robin.
Robin is severely wounded.
You constrict Robin. The goblin hits you with a +0 club!
* * * LOW HITPOINT WARNING * * *
Robin barely misses you. The goblin hits you with a +0 dagger.
You die...

#......######.# #####
#.....#.......# #...#
#.#####.#######
#####...# #.##....#
........# #.##.####
........# #.##....#
........# #.#####.#
......#######....g#.#
............รท..gh...#
#...############gg###
+...### #........#
#...+.# #........#
#...#.# #........#
#...#.##########)###
#...#............#
#................#
##...............#


You could see Robin, a hobgoblin (strong) and 2 goblins.

Vanquished Creatures
  A dart slug (D:1)
  2 endoplasms (D:1)
  2 giant cockroaches (D:1)
  6 goblins
  5 hobgoblins
  4 jackals (D:1)
  2 quokkas (D:1)
  5 ball pythons
  3 bats
  A kobold (D:1)
  3 rats
34 creatures vanquished.

Notes
Turn   | Place    | Note
-------+----------+-------------------------------------------
     0 | D:1      | timneilson the Octopode Shapeshifter began the quest for
                  | the Orb.
     0 | D:1      | Reached XP level 1. HP: 13/13 MP: 1/1
    38 | D:1      | Reached XP level 2. HP: 18/18 MP: 2/2
    59 | D:1      | Reached skill level 1 in Stealth
   157 | D:1      | Reached XP level 3. HP: 21/23 MP: 3/3
   618 | D:2      | Noticed Robin
   693 | D:2      | Reached XP level 4. HP: 26/29 MP: 4/4
   916 | D:1      | Slain by a goblin

Illustrated notes

Levels and vault maps discovered:
D:1:      nicolae_arrival_washed_ashore, layout_basic
D:2:      layout_rooms, nicolae_underground_beach, uniq_robin

Skill      XL: |  1  2 |
---------------+-------+-----
Stealth        | 1 |  1.6
Fighting       | |  1.8
Dodging        | |  2.6
Unarmed Combat | |  3.5
Shapeshifting  | |  3.3

Action                     |  1- 3 |  4- 6 || total
---------------------------+-------+-------++-------
  Melee: Unarmed           |    54 |    14 ||    68
         Constrict         |    14 |     3 ||    17
         Tentacles         |    13 |     1 ||    14
         Punch             |     2 |       ||     2
    Use: Scroll            |     3 |       ||     3
   Stab: Sleeping          |     2 |       ||     2
 Armour: Skin              |    18 |    25 ||    43
  Dodge: Dodged            |    30 |    25 ||    55

Table legend: (Time is in decaauts)
 A = Elapsed time spent in this place.
 B = Non-inter-level travel time spent in this place.
 C = Inter-level travel time spent in this place.
 D = Time resting spent in this place.
 E = Time spent auto-exploring this place.
 F = Levels seen in this place.
 G = Mean time per level.
                   A        B        C        D        E       F      G
               +--------+--------+--------+--------+--------+-----+--------+
         Total |    914 |    833 |     81 |    173 |    460 |   2 |  457.0 |
       Dungeon |    914 |    833 |     81 |    173 |    460 |   2 |  457.0 |
               +--------+--------+--------+--------+--------+-----+--------+

Top non-repeatable levels by time:
     D:1: 828 daAuts
     D:2: 86 daAuts
